 Dungeon Crawl Stone Soup version 0.25-a0-589-g1e14c549ee (webtiles) character file.

Game seed: 661321888836393207, levelgen mode: deterministic

70 Lugonue the Twirler (level 4, 0/37 HPs)
             Began as a Draconian Gladiator on Mar 12, 2020.
             Succumbed to an adder's poison
             ... on level 2 of the Dungeon.
             The game lasted 00:03:52 (1460 turns).

Lugonue the Twirler (Draconian Gladiator)           Turns: 1460, Time: 00:03:52

Health: 0/37       AC:  5    Str: 17    XL:     4   Next: 3%
Magic:  4/4        EV: 13    Int:  9    God:
Gold:   61         SH:  0    Dex: 12    Spells: 3/3 levels left

rFire    . . .     SeeInvis .   a - +0 quarterstaff
rCold    + . .     Gourm    .   (shield currently unavailable)
rNeg     . . .     Faith    .   (armour unavailable)
rPois    .         Spirit   .   b - +0 hat
rElec    .         Reflect  .   (no cloak)
rCorr    .         Harm     .   (no gloves)
MR       +....                  (no boots)
Stlth    +.........             (no amulet)
HPRegen  0.12/turn              n - ring of protection from cold
MPRegen  0.09/turn              (no ring)

@: lethally poisoned (0 -> -5)
A: unfitting armour, talons 1, magic resistance 1, cold-blooded, AC +5
a: no special abilities


You were on level 2 of the Dungeon.
You were full.

You visited 1 branch of the dungeon, and saw 2 of its levels.

You collected 61 gold pieces.

Inventory:

Hand Weapons
 a - a +0 quarterstaff (weapon)
Missiles
 c - 4 throwing nets (quivered)
Armour
 b - a +0 hat (worn)
Jewellery
 e - an uncursed ring of protection from fire
 g - an uncursed amulet of faith
 n - a ring of protection from cold (left hand)
Scrolls
 i - 2 scrolls of identify


   Skills:
 + Level 2.6 Fighting
 + Level 4.0 Staves
 + Level 1.8 Throwing
 + Level 3.4 Dodging
 + Level 0.3 Stealth


You had 3 spell levels left.
You didn't know any spells.
Your spell library was empty.

Dungeon Overview and Level Annotations

Branches:
Dungeon (2/15)

Altars:


Innate Abilities, Weirdness & Mutations

Your plain brown scales are hard. (AC +5)
You cannot fit into any form of body armour.
You are cold-blooded and may be slowed by cold attacks.
You have sharp toenails.
You are resistant to hostile enchantments. (MR+)


Message History

You feel sick.
Things that are here:
a throwing net; 3 throwing nets; an adder corpse
c - a throwing net;
c - 4 throwing nets (gained 3)
Your surroundings suddenly seem different.
* * * LOW HITPOINT WARNING * * *
You feel sick.
Found a ration.
Found a stone staircase leading up.
You aren't carrying any potions.
You eat one of the 2 rations.
That ration really hit the spot!
* * * LOW HITPOINT WARNING * * *
You feel sick.
You eat the ration.
That ration really hit the spot!
* * * LOW HITPOINT WARNING * * *
You feel sick.
No previous command to re-do.
No previous command to re-do.
Found 5 gold pieces.
You swing at nothing.
You die...

########### # #
#..@...%... .#.
.......<########$
#.# ######### #.#
###.# ....# ###.#
....# ###.# #####
#


There were no monsters in sight!

Vanquished Creatures
  2 adders (D:2)
  An ooze (D:1)
  A worm (D:1)
  2 dart slugs (D:1)
  A leopard gecko (D:1)
  6 bats
  A giant cockroach (D:2)
  5 goblins
  5 hobgoblins
  8 kobolds
  3 frilled lizards
  5 rats
40 creatures vanquished.

Notes
Turn   | Place    | Note
-------+----------+-------------------------------------------
     0 | D:1      | Lugonue the Draconian Gladiator began the quest for the
                  | Orb.
     0 | D:1      | Reached XP level 1. HP: 17/17 MP: 1/1
   100 | D:1      | Reached XP level 2. HP: 25/25 MP: 2/2
   761 | D:2      | Reached XP level 3. HP: 23/30 MP: 3/3
  1091 | D:1      | Gained mutation: You have sharp toenails. [potion of
                  | mutation]
  1091 | D:1      | Gained mutation: You are resistant to hostile enchantments.
                  | (MR+) [potion of mutation]
  1448 | D:2      | Reached skill level 4 in Staves
  1448 | D:2      | Reached XP level 4. HP: 10/37 MP: 4/4
  1458 | D:2      | HP: 1/37 [poisoned by an adder]
  1460 | D:2      | Succumbed to an adder's poison

Levels and vault maps discovered:
D:1:      dpeg_arrival_short_road, layout_loops_corners
D:2:      layout_loops_ring, first_ration

Skill      XL: |  1  2  3 |
---------------+----------+-----
Dodging        | 3 |  3.4
Staves         | 4 |  4.0
Fighting       | |  2.6
Throwing       | |  1.8
Stealth        | |  0.3

Action                   |  1- 3 |  4- 6 || total
-------------------------+-------+-------++-------
Melee: Quarterstaff      |   124 |       ||   124
       Tailslap          |    11 |       ||    11
       Kick              |     2 |       ||     2
Throw: Throwing net      |     4 |       ||     4
  Use: Potion            |     5 |       ||     5
       Scroll            |       |     5 ||     5
 Stab: Sleeping          |     1 |       ||     1
       Held in net/web   |     1 |       ||     1
  Eat: Chunk             |     1 |       ||     1
       Ration            |       |     2 ||     2
Armor: Skin              |    33 |       ||    33
Dodge: Dodged            |   101 |       ||   101

Table legend:
 A = Non-vault XP
 B = Vault XP
 C = Vault XP percentage of total XP
 D = Non-vault monster count
 E = Vault monster count
 F = Vault count percentage of total count
                 A         B        C        D         E       F
            +---------+---------+-------+---------+---------+-------
      Total |     100 |       0 |   0.0 |      40 |       0 |   0.0
            +---------+---------+-------+---------+---------+-------
        D:1 |      46 |       0 |   0.0 |      21 |       0 |   0.0
        D:2 |      54 |       0 |   0.0 |      19 |       0 |   0.0
            +---------+---------+-------+---------+---------+-------
